 Dungeon Crawl Stone Soup version 0.29-a0-617-g7a6b98fccd (webtiles) character file.

Game seed: 15798729267562819651

1087 gruber the Destroyer (level 8, -8/41 HPs)
             Began as a Deep Elf Conjurer on June 17, 2022.
             Mangled by a wraith (10 damage)
             ... in an ossuary.
             The game lasted 00:04:50 (5422 turns).

gruber the Destroyer (Deep Elf Conjurer)            Turns: 5422, Time: 00:04:50

Health: -8/41      AC:  3    Str:  4    XL:     8   Next: 9%
Magic:  11/22      EV: 14    Int: 26    God:
Gold:   228        SH:  0    Dex: 13    Spells: 14/23 levels left

rFire   . . .      SeeInvis +   p - +1 dagger (flame)
rCold   . . .      Faith    .   (no shield)
rNeg    . . .      Spirit   .   a - +0 robe
rPois   .          Reflect  .   (no helmet)
rElec   .          Harm     .   r - +0 cloak
rCorr   .          Rampage  .   (no gloves)
Will    .....                   (no boots)
Stlth   ++........              (no amulet)
HPRegen 0.13/turn               h - ring of see invisible
MPRegen 0.18/turn               (no ring)

@: slowed, very slow
A: no striking features
a: no special abilities


You were in an ossuary.
You visited 1 branch of the dungeon, and saw 5 of its levels.
You also visited: Ossuary.

You collected 228 gold pieces.

Inventory:

Hand Weapons
 p - a +1 dagger of flaming (weapon)
Armour
 a - a +0 robe (worn)
 r - a +0 cloak (worn)
Magical Staves
 q - a staff of fire
 s - a staff of air
Jewellery
 g - an amulet of faith
 h - a ring of see invisible (left hand)
 v - an amulet of magic regeneration
Wands
 D - a wand of polymorph (8)
 F - a wand of charming (9)
Scrolls
 d - 6 scrolls of identify {unknown}
 f - 4 scrolls of blinking {unknown}
 j - 2 scrolls of vulnerability {unknown}
 k - 3 scrolls of enchant armour {unknown}
 l - a scroll of summoning {unknown}
 m - 2 scrolls of teleportation {unknown}
 n - 2 scrolls of immolation {unknown}
 t - a scroll of fear {unknown}
 y - a scroll of silence {unknown}
 z - a scroll of noise {unknown}
 B - a scroll of amnesia {unknown}
 G - a scroll of enchant weapon {unknown}
Potions
 b - 2 potions of magic
 c - a potion of curing {unknown}
 e - 2 potions of flight {unknown}
 i - a potion of resistance {unknown}
 o - 2 potions of lignification {unknown}
 u - a potion of brilliance {unknown}
 w - a potion of might {unknown}
 x - a potion of cancellation {unknown}
 A - a potion of heal wounds {unknown}
 C - a potion of ambrosia {unknown}
 E - a potion of invisibility {unknown}


   Skills:
 - Level 5.3 Dodging
 - Level 2.4 Stealth
 * Level 8.1 Spellcasting
 - Level 8.2 Conjurations


You had 14 spell levels left.
You knew the following spells:

 Your Spells              Type           Power      Damage    Failure   Level
a - Magic Dart            Conj           100%       1d8       1%          1
b - Searing Ray           Conj           100%       2d8       1%          2
c - Dazzling Flash        Conj/Hex       64%        N/A       3%          3
d - Stone Arrow           Conj/Erth      64%        3d11      3%          3

Your spell library contained the following spells:

 Spells                   Type           Power      Damage    Failure   Level
 Sandblast                Erth           20%        2d7       5%          1
 Blink                    Tloc           20%        N/A       9%          2
 Passwall                 Tmut/Erth      8%         N/A       9%          2
 Fulminant Prism          Conj/Hex       16%        3d11      10%         4
 Iskenderun's Mystic Bla  Conj/Tloc      32%        2d8       10%         4
 Lesser Beckoning         Tloc           10%        N/A       17%         3
 Manifold Assault         Tloc           10%        N/A       83%         5


Dungeon Overview and Level Annotations

Branches:
Dungeon (5/15)            Ossuary (1/1)
 Temple: D:4-7

Altars:
Gozag
Nemelex Xobeh
Wu Jian

Shops:
D:1 !


Message History

You feel as though you will be slow longer.
Casting: Searing Ray (safe; 1% risk of failure)
Confirm with . or Enter, or press ? or * to list all spells.
Aiming: Searing Ray (safe; 1% risk of failure)
Press: ? - help, Shift-Dir - straight line, f/p - wraith
Aim: a wraith (lightly damaged, 83% to hit)
The searing ray misses the wraith. (Press . to maintain the ray.)
The wraith hits you.
Unknown command.
The searing ray hits the wraith!
The wraith is heavily damaged.
The wraith hits you!
* * * LOW HITPOINT WARNING * * *
The wraith misses you.
The searing ray hits the wraith.
The wraith is heavily damaged.
The wraith hits you.
* * * LOW HITPOINT WARNING * * *
The wraith drains your vigour!
You feel as though you will be slow longer.
The searing ray hits the wraith!
The wraith is severely damaged.
You finish channelling your searing ray.
The wraith misses you. The wraith barely misses you.
Unknown command.
Unknown command.
Casting: Searing Ray (safe; 1% risk of failure)
Confirm with . or Enter, or press ? or * to list all spells.
Aiming: Searing Ray (safe; 1% risk of failure)
Press: ? - help, Shift-Dir - straight line, f/p - wraith
Aim: a wraith (severely damaged, 83% to hit)
The searing ray misses the wraith. (Press . to maintain the ray.)
The wraith closely misses you.
Unknown command.
The searing ray hits the wraith but does no damage.
The wraith is severely damaged.
The wraith hits you!
You die...

###############
#.............#
#@W##.###.##).#
#.#.#.#z#.#.#.#
#.###.###.###.#
#.............#
#.............#
#.###.....###.#
#.#z#.....# #.#
#.###.....###.#
#.............#


You could see a wraith.

Vanquished Creatures
  A wraith (Ossuary)
  A black bear (D:2)
  An ogre (D:5)
  A phantom (D:4)
  2 necrophages (D:5)
  A scorpion (D:5)
  3 wights (Ossuary)
  A jelly (D:4)
  A hound (D:4)
  Jessica (D:2)
  Natasha (twice) (D:2)
  An iguana (D:4)
  4 gnolls (D:2)
  10 adders
  An adder zombie (Ossuary)
  A worm (D:2)
  A dart slug (D:5)
  2 orcs
  2 bats (D:1)
  4 endoplasms
  3 giant cockroaches (D:1)
  5 goblins
  8 hobgoblins
  4 jackals (D:1)
  5 kobolds
  3 quokkas
  9 ball pythons
  7 frilled lizards
  A hobgoblin skeleton (Ossuary)
  2 hobgoblin zombies (Ossuary)
  2 kobold zombies (Ossuary)
  2 orc zombies (Ossuary)
  5 rats
97 creatures vanquished.

Notes
Turn   | Place    | Note
-------+----------+-------------------------------------------
     0 | D:1      | gruber the Deep Elf Conjurer began the quest for the Orb.
     0 | D:1      | Reached XP level 1. HP: 10/10 MP: 6/6
    58 | D:1      | Found a faded altar of an unknown god.
   133 | D:1      | Reached XP level 2. HP: 15/15 MP: 4/8
   142 | D:1      | Reached skill level 5 in Conjurations
   508 | D:1      | Reached XP level 3. HP: 19/19 MP: 6/9
   812 | D:1      | Found Orchoguos's Distillery.
   909 | D:2      | Found a sparkling altar of Nemelex Xobeh.
  1353 | D:2      | Learned a level 2 spell: Searing Ray
  1575 | D:2      | Noticed Jessica
  1578 | D:2      | Killed Jessica
  1579 | D:2      | Reached XP level 4. HP: 24/24 MP: 8/12
  1876 | D:2      | Noticed Natasha
  1882 | D:2      | Killed Natasha
  1883 | D:2      | Reached XP level 5. HP: 28/28 MP: 7/14
  1986 | D:2      | Noticed a black bear
  1993 | D:2      | Killed a black bear
  1994 | D:2      | Reached skill level 5 in Spellcasting
  2109 | D:2      | Noticed Natasha
  2113 | D:2      | Killed Natasha
  2114 | D:2      | Reached XP level 6. HP: 32/32 MP: 11/16
  2677 | D:3      | Learned a level 3 spell: Dazzling Flash
  2835 | D:3      | Found an ornate altar of the Wu Jian Council.
  3486 | D:3      | Learned a level 3 spell: Stone Arrow
  4383 | D:4      | Reached XP level 7. HP: 36/36 MP: 14/17
  4515 | D:5      | Entered Level 5 of the Dungeon
  4622 | D:5      | Reached skill level 5 in Dodging
  4635 | D:5      | Found an opulent altar of Gozag.
  4653 | D:5      | Found a sand-covered staircase.
  4731 | Ossuary  | Entered an ossuary
  5002 | Ossuary  | Noticed a wraith
  5002 | Ossuary  | Noticed a flying skull
  5039 | Ossuary  | Noticed a flying skull
  5129 | Ossuary  | Noticed a flying skull
  5130 | Ossuary  | Noticed a wraith
  5135 | Ossuary  | Killed a wraith
  5136 | Ossuary  | Reached XP level 8. HP: 5/41 MP: 14/22
  5418 | Ossuary  | HP: 2/41 [wraith (11)]
  5422 | Ossuary  | Mangled by a wraith

Illustrated notes

Levels and vault maps discovered:
D:1:      dpeg_arrival_lava_temple_mockup, layout_rooms,
          shapermc_ecumenical_altar_totnotflames, serial_shops, shop_statue
D:2:      layout_basic, basic_altar, uniq_natasha, uniq_jessica
D:3:      layout_basic, nicolae_wu_jian_immortal_techniques
D:4:      layout_gridville
D:5:      layout_layer_cave, lemuel_tele_altar,
          mainiacjoe_overflow_six_doors_small,
          lightli_ossuary_entry_decrepit_ruins, serial_shops,
          nicolae_diamond_shop, minmay_misc_feat_four_crosses
Ossuary:  ossuary_due_cavern

Skill      XL: |  1  2  3  4  5  6  7 |
---------------+----------------------+-----
Conjurations   | 5 6 7 8 |  8.2
Spellcasting   | 4 5 8 |  8.1
Dodging        | 3 5 |  5.3
Stealth        | |  2.4

Action                   |  1- 3 |  4- 6 |  7- 9 || total
-------------------------+-------+-------+-------++-------
 Cast: Magic Dart        |    72 |    95 |    34 ||   201
       Searing Ray       |     1 |     7 |    13 ||    21
Armor: Robe              |       |     1 |     3 ||     4
Dodge: Dodged            |     4 |     9 |    15 ||    28

Table legend: (Time is in decaauts)
 A = Elapsed time spent in this place.
 B = Non-inter-level travel time spent in this place.
 C = Inter-level travel time spent in this place.
 D = Time resting spent in this place.
 E = Time spent auto-exploring this place.
 F = Levels seen in this place.
 G = Mean time per level.
                   A        B        C        D        E       F      G
               +--------+--------+--------+--------+--------+-----+--------+
         Total |   5443 |   5007 |    436 |     64 |   4350 |   6 |  907.2 |
       Dungeon |   4736 |   4300 |    436 |     64 |   3720 |   5 |  947.2 |
       Ossuary |    707 |    707 |      0 |      0 |    630 |   1 |  707.0 |
               +--------+--------+--------+--------+--------+-----+--------+

Top non-repeatable levels by time:
     D:2: 1673 daAuts
     D:4: 998 daAuts
     D:3: 986 daAuts
     D:1: 861 daAuts
 Ossuary: 707 daAuts
     D:5: 215 daAuts
